 Dungeon Crawl Stone Soup version 0.27-a0-1188-g73eefd5def (webtiles) character file.

Game seed: 15116922529947851980

821 Marbellizer the Chopper (level 7, -33/61 HPs)
             Began as a Hill Orc Fighter on May 21, 2021.
             Was an Initiate of Makhleb.
             Annihilated by a boulder beetle (42 damage)
             ... on level 7 of the Dungeon.
             The game lasted 00:44:52 (8902 turns).

Marbellizer the Chopper (Hill Orc Fighter)          Turns: 8902, Time: 00:44:53

Health: -33/61     AC:  8    Str: 21      XL:     7   Next: 95%
Magic:  7/7        EV: 23    Int:  6      God:    Makhleb [......]
Gold:   407        SH:  9    Dex:  7 (10) Spells: 6/6 levels left

rFire    + + .     SeeInvis .   a - +1 war axe {nkice}
rCold    . . .     Faith    .   c - +0 kite shield
rNeg     . . .     Spirit   .   b - +0 scale mail
rPois    +         Reflect  .   n - +0 helmet
rElec    .         Harm     .   (no cloak)
rCorr    .         Rampage  .   (no gloves)
Will     .....                  (no boots)
Stlth    ..........             x - amulet "Ilaeru" {Acrobat +Inv rPois}
HPRegen  0.20/turn              e - ring of protection from fire
MPRegen  0.10/turn              q - ring of protection from fire

@: acrobatic
A: dopey 1
a: Renounce Religion, Evoke Invisibility


You were on level 7 of the Dungeon.
You worshipped Makhleb.
Makhleb was noncommittal.
You visited 2 branches of the dungeon, and saw 8 of its levels.

You collected 407 gold pieces.

Inventory:

Hand Weapons
 a - a +1 war axe (weapon) {nkice}
 d - a +0 whip of freezing
 g - a +4 dagger
 r - a +1 dagger of venom
 t - a +0 war axe
 w - a +0 hand axe
 y - a +0 short sword of holy wrath
Armour
 b - a +0 scale mail (worn)
 c - a +0 kite shield (worn)
 k - a +0 ring mail
 m - a +0 leather armour
 n - a +0 helmet (worn)
Magical Staves
 u - a staff of air
Jewellery
 e - a ring of protection from fire (left hand)
 o - a ring of resist corrosion
 q - a ring of protection from fire (right hand)
 x - the amulet "Ilaeru" (around neck) {Acrobat +Inv rPois}
   (You acquired it on level 6 of the Dungeon)

   [amulet of the acrobat]

   It increases your evasion while moving and waiting.
   It protects you from poison.
   It lets you turn invisible.
 z - a ring of magical power
Wands
 i - a wand of digging (4)
Scrolls
 f - 3 scrolls of teleportation
 j - 2 scrolls of vulnerability
 p - a scroll of identify
 s - 2 scrolls of noise
 v - 2 scrolls of fear
Potions
 h - 2 potions of brilliance
 l - a potion of degeneration


   Skills:
 + Level 5.3 Fighting
 + Level 7.3 Axes
 + Level 5.3 Armour
 + Level 1.5 Dodging
 + Level 0.4 Stealth
 + Level 5.3 Shields


You had 6 spell levels left.
You didn't know any spells.
Your spell library contained the following spells:

 Spells                   Type           Power      Damage    Failure   Level
 Animate Skeleton         Necr           0%         N/A       99%         1
 Apportation              Tloc           0%         N/A       99%         1
 Corona                   Hex            0%         N/A       99%         1
 Freeze                   Ice            0%         1d3       99%         1
 Magic Dart               Conj           0%         1d3       99%         1
 Sting                    Tmut/Pois      0%         1d3       99%         1
 Summon Small Mammal      Summ           0%         N/A       99%         1
 Poisonous Vapours        Pois/Air       0%         N/A       100%        2
 Searing Ray              Conj           0%         3d3       100%        2
 Dazzling Flash           Conj/Hex       0%         N/A       100%        3
 Frozen Ramparts          Ice            0%         1d2       100%        3
 Ignite Poison            Fire/Tmut/Pois 0%         N/A       100%        3
 Mephitic Cloud           Conj/Pois/Air  0%         N/A       100%        3
 Ozocubu's Armour         Ice            0%         N/A       100%        3
 Fulminant Prism          Conj/Hex       0%         3d6       100%        4
 Hailstorm                Conj/Ice       0%         3d3       100%        4
 Iskenderun's Mystic Bla  Conj/Tloc      0%         2d3       100%        4
 Olgreb's Toxic Radiance  Pois           0%         N/A       100%        4
 Bolt of Magma            Conj/Fire/Erth 0%         4d4       100%        5
 Iskenderun's Battlesphe  Conj           0%         2d6       100%        5
 Metabolic Englaciation   Hex/Ice        0%         N/A       100%        5
 Iron Shot                Conj/Erth      0%         9d1       100%        6
 Orb of Destruction       Conj           0%         N/A       100%        7
 Spellforged Servitor     Conj/Summ      0%         N/A       100%        7


Dungeon Overview and Level Annotations

Branches:
Dungeon (7/15)             Temple (1/1) D:5

Altars:
Ashenzari
Cheibriados
Dithmenos
Elyvilon
Fedhas
Gozag
Hepliaklqana
Kikubaaqudgha
Makhleb
Nemelex Xobeh
Okawaru
Qazlal
Ru
Sif Muna
Trog
Uskayaw
Vehumet
Wu Jian
Xom
Yredelemnul
Zin
The Shining One

Shops:
D:4 [*!?   D:5 =   D:6 (


Innate Abilities, Weirdness & Mutations

You are dopey. (Int -2)


Message History

You are no longer poisoned.
You start resting.
HP restored.
A boulder beetle comes into view.
The boulder beetle curls into a ball and begins rolling!
You block the boulder beetle's attack.
The boulder beetle stops rolling and uncurls.
You barely miss the boulder beetle.
The boulder beetle bites you but does no damage.
You hit the boulder beetle but do no damage.
The boulder beetle barely misses you.
The boulder beetle leaps!
The boulder beetle bites you!
You hit the boulder beetle.
The boulder beetle is lightly wounded.
You block the boulder beetle's attack.
You slash the boulder beetle!
The boulder beetle is lightly wounded.
The boulder beetle bites you!
You hit the boulder beetle but do no damage.
The boulder beetle is lightly wounded.
The boulder beetle bites you!!
The boulder beetle leaps!
You are too injured to fight recklessly!
You are too injured to fight recklessly!
The boulder beetle leaps!
The boulder beetle curls into a ball and begins rolling!
You block the boulder beetle's attack.
The boulder beetle stops rolling and uncurls.
You see here a scroll labelled XUOHULOWKO.
As you read the scroll of fear, it crumbles to dust.
You assume a fearsome visage.
The boulder beetle resists with some effort.
The boulder beetle bites you!
* * * LOW HITPOINT WARNING * * *
Unknown command.
Found 18 gold pieces.
The boulder beetle curls into a ball and begins rolling!
Found 11 gold pieces.
The boulder beetle hits you!!!
Ouch! That really hurt!
You die...

.####.#
####?...# #.#
####.# #..
#.## ...#
#####..##
.#..
......#.°# #
##[#####...°#
. ##.#○#
#####..#B##
.......@..#
.........$#
.......$..#
......#####
...##. .. ..
. #. ..


You could see a boulder beetle (rolling).

Vanquished Creatures
  Pikel (D:6)
  Eustachio (D:6)
  A sky beast (D:6)
  A centaur (D:5)
  A phantom (D:6)
  3 scorpions
  2 water moccasin skeletons
  A hound (D:5)
  An orc priest (D:5)
  Jessica (D:2)
  An orc wizard (D:6)
  2 iguanas (D:5)
  2 hound skeletons
  Robin (D:2)
  9 adders
  A howler monkey skeleton (D:6)
  2 shadow imps
  A white imp (D:6)
  An adder skeleton (D:4)
  A worm (D:3)
  2 dart slugs (D:3)
  8 orcs
  4 ball pythons
  6 bats
  8 endoplasms
  5 giant cockroaches
  8 hobgoblins
  10 jackals
  10 kobolds
  2 frilled lizards (D:3)
  17 goblins
  3 rats
117 creatures vanquished.

Vanquished Creatures (others)
  14 fungi (D:6)
14 creatures vanquished.

Grand Total: 131 creatures vanquished

Notes
Turn   | Place    | Note
-------+----------+-------------------------------------------
     0 | D:1      | Marbellizer the Hill Orc Fighter began the quest for the
                  | Orb.
     0 | D:1      | Reached XP level 1. HP: 19/19 MP: 1/1
   533 | D:1      | Reached XP level 2. HP: 27/27 MP: 2/2
   648 | D:1      | Reached skill level 3 in Axes
  1661 | D:2      | Reached XP level 3. HP: 33/33 MP: 3/3
  1724 | D:2      | Noticed Jessica
  1729 | D:2      | Killed Jessica
  1951 | D:2      | Reached XP level 4. HP: 40/40 MP: 4/4
  2278 | D:2      | Noticed Robin
  2284 | D:2      | Reached skill level 4 in Axes
  2290 | D:2      | Killed Robin
  2698 | D:3      | Reached XP level 5. HP: 45/47 MP: 5/5
  3823 | D:4      | Reached skill level 5 in Axes
  4100 | D:4      | Found Qyihur's Distillery.
  4101 | D:4      | Found Teel's Magic Scroll Emporium.
  4103 | D:4      | Found Upnel's General Store.
  4103 | D:4      | Found Reewkuc's Armour Emporium.
  4152 | D:4      | Reached XP level 6. HP: 39/53 MP: 6/6
  4495 | D:4      | Gained mutation: You are dopey. (Int -2) [potion of
                  | mutation]
  4972 | D:5      | Entered Level 5 of the Dungeon
  5069 | D:5      | Found a staircase to the Ecumenical Temple.
  5077 | Temple   | Entered the Ecumenical Temple
  5236 | Temple   | Became a worshipper of Hepliaklqana the Forgotten
  5658 | D:5      | Reached skill level 6 in Axes
  5676 | D:5      | Found Pupiutoz's Jewellery Shoppe.
  5775 | D:5      | Found a snail-covered altar of Cheibriados.
  5856 | D:5      | Reached XP level 7. HP: 53/60 MP: 7/7
  5920 | D:5      | Reached skill level 1 in Dodging
  5965 | D:5      | Found a burning altar of Makhleb.
  5974 | D:5      | Reached skill level 5 in Fighting
  6348 | D:5      | Fell from the grace of Hepliaklqana
  6348 | D:5      | Became a worshipper of Makhleb the Destroyer
  6354 | D:5      | Found a glowing silver altar of Zin.
  6358 | D:5      | Found an ancient bone altar of Kikubaaqudgha.
  6638 | D:6      | Noticed Pikel
  6639 | D:6      | Found Muujes's Weapon Shoppe.
  6669 | D:6      | Killed Pikel
  7529 | D:6      | Noticed Eustachio
  7606 | D:6      | Killed Eustachio
  7607 | D:6      | Was forgiven by Hepliaklqana
  7607 | D:6      | Reached skill level 5 in Armour
  7607 | D:6      | Reached skill level 5 in Shields
  8695 | D:6      | Identified a scroll of acquirement
  8695 | D:6      | Acquired the amulet "Ilaeru" {Acrobat +Inv rPois}
  8754 | D:7      | Reached skill level 7 in Axes
  8875 | D:7      | Noticed a boulder beetle
  8902 | D:7      | Annihilated by a boulder beetle

Illustrated notes

Levels and vault maps discovered:
D:1:      matt_arrival_spirals, layout_basic, minmay_misc_feat_plants,
          st_stairs_8
D:2:      layout_loops_ring, uniq_jessica, uniq_robin
D:3:      layout_loops_corners
D:4:      layout_loops_cross, minmay_misc_feat_enclosed, supply_closet_lemuel,
          minmay_shop_grid_forest
D:5:      layout_gridville, nicolae_overflow_hidden_temple,
          minmay_overflow_temple_star_quad, minmay_temple_entry_proselytizer,
          serial_shops, kennysheep_mini
D:6:      layout_loops_ring, serial_aquarium, aquarium_bridge_straight
          [aquarium_subvault_bridge, aquarium_subvault_balcony,
          aquarium_subvault_bridge, aquarium_subvault_wall],
          aquarium_bridge_square [aquarium_subvault_wall,
          aquarium_subvault_window, aquarium_subvault_window,
          aquarium_subvault_bridge], aquarium_window_corridor_1,
          aquarium_window_1, aquarium_window_fake, aquarium_window_corner,
          aquarium_view_2a, aquarium_view_2e, aquarium_pool_side, serial_shops,
          shop, uniq_pikel, uniq_eustachio
D:7:      layout_rooms, uniq_prince_ribbit1
Temple:   compressed_dpeg_circular_temple

Skill      XL: |  1  2  3  4  5  6  7 |
---------------+----------------------+-----
Axes           | 3 4 5 6 7 |  7.3
Fighting       | 4 5 |  5.3
Armour         | 4 5 |  5.3
Shields        | 4 5 |  5.3
Dodging        | 1 |  1.5
Stealth        | |  0.4

Action                   |  1- 3 |  4- 6 |  7- 9 || total
-------------------------+-------+-------+-------++-------
Melee: War axe           |    84 |   231 |   148 ||   463
  Use: Scroll            |     1 |     5 |     6 ||    12
       Potion            |     1 |     2 |     5 ||     8
 Stab: Distracted        |       |     1 |       ||     1
Armor: Scale mail        |    39 |   114 |    95 ||   248
       Skin              |       |       |     4 ||     4
Dodge: Dodged            |    28 |    57 |    74 ||   159
Block: Kite shield       |    43 |   154 |   103 ||   300

Table legend: (Time is in decaauts)
 A = Elapsed time spent in this place.
 B = Non-inter-level travel time spent in this place.
 C = Inter-level travel time spent in this place.
 D = Time resting spent in this place.
 E = Time spent auto-exploring this place.
 F = Levels seen in this place.
 G = Mean time per level.
                   A        B        C        D        E       F      G
               +--------+--------+--------+--------+--------+-----+--------+
         Total |   9099 |   8256 |    843 |   2213 |   4757 |   8 | 1137.4 |
       Dungeon |   8861 |   8073 |    788 |   2213 |   4757 |   7 | 1265.9 |
        Temple |    238 |    183 |     55 |      0 |      0 |   1 |  238.0 |
               +--------+--------+--------+--------+--------+-----+--------+

Top non-repeatable levels by time:
     D:6: 2322 daAuts
     D:1: 1662 daAuts
     D:3: 1290 daAuts
     D:5: 1273 daAuts
     D:4: 1187 daAuts
     D:2: 957 daAuts
  Temple: 238 daAuts
     D:7: 166 daAuts
